[ AOE2 MATCH · #487249715 ]
UnrankedEthiopians vs Khmer
[ REPLAY ANALYSIS · EXTRACTED FROM THE RECORDED GAME ]
Feudal
—
Castle
—
Imperial
—
| APM avg | 29.8 |
| APM peak | 60 |
| eAPM avg | 14.8 |
| Villagers / military | 67 / 75 |
Focus
⚔️ 31.3% · 🌾 68.7%
Archer ×71 · Spearman ×4
Feudal
—
Castle
—
Imperial
—
| APM avg | 51.9 |
| APM peak | 124 |
| eAPM avg | 22.9 |
| Villagers / military | 60 / 102 |
Focus
⚔️ 42.8% · 🌾 57.2%
Archer ×96 · Skirmisher ×6
Feudal
9:16
Castle
26:34
Imperial
—
| APM avg | 39.4 |
| APM peak | 76 |
| eAPM avg | 16.6 |
| Villagers / military | 51 / 49 |
Focus
⚔️ 26.6% · 🌾 73.4%
Knight ×28 · Scout Cavalry ×19 · Spearman ×2
Feudal
9:43
Castle
22:14
Imperial
—
| APM avg | 38.3 |
| APM peak | 81 |
| eAPM avg | 16.3 |
| Villagers / military | 59 / 74 |
Focus
⚔️ 44.1% · 🌾 55.9%
Archer ×65 · Skirmisher ×9
Feudal
9:13
Castle
22:12
Imperial
—
| APM avg | 36.8 |
| APM peak | 75 |
| eAPM avg | 13.7 |
| Villagers / military | 76 / 35 |
Focus
⚔️ 28.9% · 🌾 71.1%
Knight ×27 · Scout Cavalry ×8
Feudal
—
Castle
—
Imperial
—
| APM avg | 52.4 |
| APM peak | 84 |
| eAPM avg | 18.5 |
| Villagers / military | 52 / 75 |
Focus
⚔️ 38.9% · 🌾 61.1%
Archer ×68 · Spearman ×5 · Skirmisher ×2
Match map
Initial resources + every placement click. Lines = walls · curves = elevation contours. ◆ gold · ⬟ stone · ● berries · ✦ relic · ◌ wall gap
Your base· ✓ Closed at 21:33 · 27t walls · no gate
TicketedZero13's base· ✓ Closed at 24:48 · 44t walls · no gate
[A2PL]Jdbcervantes's base· Open — opponent sealed themselves in
[A2PL] roqueterpro's base· Open — opponent sealed themselves in
KidColombia7's base· ✓ Closed at 22:12 · 53t walls · no gate
A2PL Okr010's base· Open — opponent sealed themselves in
Smoothed initial terrain · ◌ = detected wall gap · hover for details
Inputs per minute
— AcousticBook4 - - TicketedZero13
Build order — AcousticBook4
First 150 of 221 actions detected
| 0:01 | Queue | Villager (Male) |
| 0:01 | Queue | Villager (Male) |
| 0:02 | Queue | Villager (Male) |
| 0:02 | Queue | Villager (Male) |
| 0:02 | Queue | Villager (Male) |
| 0:04 | Build | House |
| 0:06 | Build | House |
| 1:32 | Queue | Villager (Male) |
| 2:00 | Queue | Villager (Male) |
| 2:00 | Queue | Villager (Male) |
| 2:26 | Queue | Villager (Male) |
| 2:26 | Queue | Villager (Male) |
| 2:28 | Build | Lumber Camp |
| 2:52 | Queue | Villager (Male) |
| 2:52 | Queue | Villager (Male) |
| 3:11 | Queue | Villager (Male) |
| 3:12 | Queue | Villager (Male) |
| 4:03 | Queue | Villager (Male) |
| 4:04 | Queue | Villager (Male) |
| 4:04 | Queue | Villager (Male) |
| 4:11 | Build | House |
| 4:12 | Build | House |
| 4:17 | Queue | Villager (Male) |
| 5:17 | Queue | Villager (Male) |
| 5:22 | Build | Mill |
| 5:55 | Queue | Villager (Male) |
| 5:57 | Queue | Villager (Male) |
| 5:57 | Queue | Villager (Male) |
| 5:57 | Queue | Villager (Male) |
| 5:58 | Queue | Villager (Male) |
| 6:57 | Research | Loom |
| 7:25 | Research | Feudal Age |
| 7:41 | Build | Lumber Camp |
| 8:04 | Build | Mining Camp |
| 8:32 | Queue | Villager (Male) |
| 8:47 | Build | Barracks |
| 8:56 | Queue | Villager (Male) |
| 9:54 | Build | Archery Range |
| 9:57 | Queue | Villager (Male) |
| 10:00 | Queue | Spearman |
| 10:06 | Queue | Villager (Male) |
| 10:14 | Research | Double-Bit Axe |
| 10:14 | Research | Double-Bit Axe |
| 10:25 | Queue | Spearman |
| 10:41 | Build | Archery Range |
| 10:44 | Queue | Archer |
| 10:44 | Queue | Archer |
| 10:47 | Queue | Villager (Male) |
| 10:47 | Queue | Villager (Male) |
| 10:53 | Queue | Spearman |
| 11:01 | Build | House |
| 11:11 | Build | House |
| 11:13 | Build | House |
| 11:18 | Queue | Villager (Male) |
| 11:50 | Build | Blacksmith |
| 11:53 | Build | House |
| 12:00 | Build | House |
| 12:01 | Build | House |
| 12:03 | Queue | Villager (Male) |
| 12:05 | Queue | Archer |
| 12:05 | Queue | Archer |
| 12:05 | Queue | Archer |
| 12:06 | Queue | Archer |
| 12:25 | Build | House |
| 12:29 | Build | Palisade Wall |
| 12:37 | Queue | Villager (Male) |
| 12:43 | Queue | Archer |
| 12:43 | Queue | Archer |
| 12:51 | Build | Farm |
| 12:52 | Build | Farm |
| 12:55 | Build | Farm |
| 13:16 | Build | Palisade Wall |
| 13:21 | Queue | Spearman |
| 13:24 | Queue | Villager (Male) |
| 13:25 | Queue | Archer |
| 13:25 | Queue | Archer |
| 13:26 | Queue | Archer |
| 13:33 | Build | Farm |
| 13:38 | Build | Farm |
| 13:39 | Queue | Villager (Male) |
| 13:59 | Queue | Villager (Male) |
| 14:00 | Queue | Archer |
| 14:00 | Queue | Archer |
| 14:11 | Queue | Archer |
| 14:12 | Queue | Archer |
| 14:37 | Build | House |
| 14:42 | Research | Fletching |
| 14:42 | Research | Fletching |
| 15:09 | Build | House |
| 15:10 | Build | House |
| 15:12 | Queue | Villager (Male) |
| 15:14 | Queue | Archer |
| 15:14 | Queue | Archer |
| 15:29 | Queue | Villager (Male) |
| 15:44 | Build | Farm |
| 15:47 | Build | Farm |
| 15:48 | Build | Farm |
| 16:07 | Queue | Villager (Male) |
| 16:08 | Queue | Villager (Male) |
| 16:09 | Queue | Villager (Male) |
| 16:10 | Queue | Archer |
| 16:10 | Queue | Archer |
| 16:11 | Queue | Archer |
| 16:19 | Build | House |
| 16:22 | Queue | Villager (Male) |
| 16:33 | Build | Watch Tower |
| 16:53 | Build | House |
| 16:54 | Build | House |
| 17:00 | Build | House |
| 17:32 | Queue | Villager (Male) |
| 17:32 | Queue | Villager (Male) |
| 17:33 | Queue | Villager (Male) |
| 18:10 | Build | Farm |
| 18:11 | Build | Farm |
| 18:17 | Build | Farm |
| 18:17 | Build | Farm |
| 18:18 | Build | Farm |
| 18:20 | Build | Farm |
| 18:22 | Build | Farm |
| 18:24 | Build | Farm |
| 18:26 | Build | Farm |
| 18:33 | Queue | Archer |
| 18:33 | Queue | Archer |
| 18:33 | Queue | Archer |
| 18:34 | Queue | Archer |
| 18:51 | Queue | Villager (Male) |
| 18:57 | Queue | Archer |
| 18:57 | Queue | Archer |
| 19:05 | Build | House |
| 19:07 | Build | House |
| 19:12 | Queue | Villager (Male) |
| 19:30 | Build | House |
| 19:39 | Build | Lumber Camp |
| 19:48 | Build | Market |
| 19:58 | Build | Farm |
| 20:00 | Queue | Villager (Male) |
| 20:01 | Queue | Villager (Male) |
| 20:21 | Queue | Archer |
| 20:21 | Queue | Archer |
| 20:21 | Queue | Archer |
| 20:21 | Queue | Archer |
| 20:22 | Queue | Archer |
| 20:34 | Queue | Villager (Male) |
| 20:52 | Build | Farm |
| 20:56 | Build | Farm |
| 20:57 | Build | Farm |
| 21:14 | Queue | Archer |
| 21:14 | Queue | Archer |
| 21:33 | Research | Castle Age |
| 21:33 | Research | Castle Age |
Build order — TicketedZero13
First 150 of 248 actions detected
| 0:01 | Queue | Villager (Male) |
| 0:01 | Queue | Villager (Male) |
| 0:02 | Queue | Villager (Male) |
| 0:02 | Queue | Villager (Male) |
| 0:02 | Queue | Villager (Male) |
| 0:04 | Build | House |
| 0:05 | Build | House |
| 1:10 | Queue | Villager (Male) |
| 1:11 | Queue | Villager (Male) |
| 1:47 | Queue | Villager (Male) |
| 1:47 | Queue | Villager (Male) |
| 1:50 | Build | Lumber Camp |
| 2:13 | Queue | Villager (Male) |
| 2:57 | Queue | Villager (Male) |
| 2:57 | Queue | Villager (Male) |
| 3:20 | Queue | Villager (Male) |
| 3:20 | Queue | Villager (Male) |
| 3:38 | Queue | Villager (Male) |
| 3:39 | Queue | Villager (Male) |
| 3:51 | Build | House |
| 4:23 | Queue | Villager (Male) |
| 4:23 | Queue | Villager (Male) |
| 4:27 | Build | Mill |
| 4:32 | Queue | Villager (Male) |
| 4:32 | Queue | Villager (Male) |
| 4:47 | Queue | Villager (Male) |
| 4:59 | Queue | Villager (Male) |
| 4:59 | Queue | Villager (Male) |
| 5:07 | Queue | Villager (Male) |
| 5:08 | Queue | Villager (Male) |
| 5:35 | Queue | Villager (Male) |
| 5:36 | Queue | Villager (Male) |
| 5:36 | Queue | Villager (Male) |
| 5:36 | Queue | Villager (Male) |
| 6:14 | Research | Loom |
| 6:25 | Build | Barracks |
| 7:34 | Research | Feudal Age |
| 7:44 | Build | House |
| 8:03 | Build | Mining Camp |
| 8:21 | Build | Palisade Wall |
| 9:05 | Build | House |
| 9:22 | Build | Palisade Wall |
| 9:23 | Build | Palisade Wall |
| 9:30 | Build | Palisade Wall |
| 9:31 | Build | Palisade Wall |
| 9:46 | Build | Archery Range |
| 9:49 | Research | Double-Bit Axe |
| 9:50 | Queue | Villager (Male) |
| 10:05 | Queue | Villager (Male) |
| 10:11 | Build | Archery Range |
| 10:29 | Build | House |
| 10:34 | Build | Palisade Wall |
| 10:35 | Queue | Villager (Male) |
| 10:43 | Queue | Archer |
| 10:48 | Queue | Villager (Male) |
| 10:50 | Queue | Villager (Male) |
| 11:02 | Build | House |
| 11:13 | Build | Palisade Wall |
| 11:15 | Queue | Villager (Male) |
| 11:26 | Build | House |
| 11:27 | Build | Palisade Wall |
| 11:29 | Queue | Villager (Male) |
| 11:49 | Queue | Archer |
| 11:49 | Queue | Archer |
| 11:49 | Queue | Archer |
| 11:50 | Queue | Archer |
| 11:50 | Queue | Archer |
| 11:58 | Build | House |
| 12:04 | Queue | Villager (Male) |
| 12:18 | Queue | Archer |
| 12:18 | Queue | Archer |
| 12:39 | Queue | Archer |
| 12:39 | Queue | Archer |
| 12:57 | Build | House |
| 13:05 | Queue | Archer |
| 13:06 | Queue | Archer |
| 13:06 | Queue | Archer |
| 13:06 | Queue | Archer |
| 13:10 | Queue | Villager (Male) |
| 13:10 | Queue | Villager (Male) |
| 13:23 | Queue | Archer |
| 13:23 | Queue | Archer |
| 13:25 | Queue | Villager (Male) |
| 13:27 | Build | Farm |
| 13:27 | Build | Farm |
| 13:28 | Build | Farm |
| 13:28 | Build | Farm |
| 13:28 | Build | Farm |
| 13:42 | Queue | Archer |
| 13:42 | Queue | Archer |
| 13:42 | Queue | Archer |
| 13:42 | Queue | Archer |
| 13:45 | Queue | Villager (Male) |
| 13:50 | Build | Palisade Wall |
| 14:25 | Queue | Archer |
| 14:30 | Build | Blacksmith |
| 14:32 | Build | Palisade Wall |
| 14:50 | Build | House |
| 14:54 | Build | Palisade Wall |
| 15:09 | Queue | Archer |
| 15:09 | Queue | Archer |
| 15:10 | Queue | Archer |
| 15:10 | Queue | Archer |
| 15:13 | Queue | Archer |
| 15:14 | Queue | Archer |
| 15:14 | Queue | Archer |
| 15:29 | Research | Fletching |
| 15:50 | Queue | Archer |
| 15:51 | Queue | Archer |
| 15:51 | Queue | Archer |
| 15:57 | Build | Lumber Camp |
| 16:03 | Queue | Archer |
| 16:03 | Queue | Archer |
| 16:03 | Queue | Archer |
| 16:04 | Queue | Archer |
| 16:24 | Queue | Archer |
| 16:24 | Queue | Archer |
| 16:41 | Queue | Archer |
| 16:42 | Queue | Archer |
| 16:42 | Queue | Villager (Male) |
| 16:42 | Queue | Villager (Male) |
| 16:42 | Queue | Villager (Male) |
| 16:59 | Queue | Archer |
| 16:59 | Queue | Archer |
| 16:59 | Queue | Archer |
| 17:00 | Queue | Archer |
| 17:26 | Queue | Archer |
| 17:26 | Queue | Archer |
| 17:26 | Queue | Archer |
| 17:26 | Queue | Archer |
| 17:28 | Queue | Villager (Male) |
| 17:28 | Queue | Villager (Male) |
| 17:34 | Build | Farm |
| 17:34 | Build | Farm |
| 17:34 | Build | Farm |
| 17:34 | Build | Farm |
| 17:56 | Build | Farm |
| 17:59 | Build | Farm |
| 18:05 | Queue | Villager (Male) |
| 18:08 | Queue | Archer |
| 18:39 | Queue | Skirmisher |
| 18:39 | Queue | Skirmisher |
| 18:40 | Queue | Skirmisher |
| 18:40 | Queue | Archer |
| 18:40 | Queue | Skirmisher |
| 18:40 | Queue | Archer |
| 18:40 | Queue | Skirmisher |
| 18:40 | Queue | Skirmisher |
| 18:40 | Queue | Archer |
| 19:11 | Build | Watch Tower |
Build order — [A2PL]Jdbcervantes
First 150 of 164 actions detected
| 0:00 | Queue | Villager (Male) |
| 0:01 | Queue | Villager (Male) |
| 0:01 | Queue | Villager (Male) |
| 0:01 | Queue | Villager (Male) |
| 0:03 | Build | House |
| 0:05 | Build | House |
| 1:23 | Queue | Villager (Male) |
| 1:49 | Build | Lumber Camp |
| 2:01 | Queue | Villager (Male) |
| 2:18 | Queue | Villager (Male) |
| 2:46 | Queue | Villager (Male) |
| 2:46 | Queue | Villager (Male) |
| 3:08 | Queue | Villager (Male) |
| 3:27 | Build | House |
| 3:28 | Build | House |
| 3:34 | Queue | Villager (Male) |
| 3:56 | Queue | Villager (Male) |
| 3:57 | Queue | Villager (Male) |
| 3:57 | Queue | Villager (Male) |
| 4:12 | Queue | Villager (Male) |
| 4:47 | Queue | Villager (Male) |
| 4:54 | Build | Mill |
| 5:00 | Queue | Villager (Male) |
| 6:08 | Queue | Villager (Male) |
| 6:08 | Research | Loom |
| 6:51 | Build | Lumber Camp |
| 6:55 | Research | Feudal Age |
| 8:16 | Build | Barracks |
| 8:49 | Queue | Villager (Male) |
| 9:05 | Build | Palisade Wall |
| 9:14 | Queue | Villager (Male) |
| 9:16 | Age | Feudal Age |
| 9:17 | Build | Stable |
| 9:25 | Build | Palisade Wall |
| 9:34 | Research | Double-Bit Axe |
| 9:43 | Research | Horse Collar |
| 9:56 | Queue | Scout Cavalry |
| 9:57 | Queue | Scout Cavalry |
| 10:03 | Queue | Villager (Male) |
| 10:11 | Build | House |
| 10:18 | Build | Farm |
| 10:29 | Queue | Villager (Male) |
| 10:37 | Build | House |
| 10:52 | Build | Farm |
| 10:56 | Build | Farm |
| 10:57 | Queue | Villager (Male) |
| 11:12 | Queue | Scout Cavalry |
| 11:29 | Queue | Villager (Male) |
| 11:38 | Queue | Scout Cavalry |
| 11:45 | Build | Farm |
| 11:56 | Build | Farm |
| 12:00 | Build | Farm |
| 12:02 | Queue | Villager (Male) |
| 12:03 | Build | Farm |
| 12:07 | Build | House |
| 12:21 | Queue | Scout Cavalry |
| 12:26 | Build | Farm |
| 12:28 | Build | House |
| 12:35 | Build | Farm |
| 12:40 | Queue | Scout Cavalry |
| 12:47 | Build | Farm |
| 12:50 | Queue | Villager (Male) |
| 12:59 | Build | Farm |
| 13:18 | Queue | Villager (Male) |
| 13:20 | Queue | Scout Cavalry |
| 13:23 | Build | House |
| 13:31 | Build | Blacksmith |
| 13:34 | Queue | Villager (Male) |
| 13:43 | Queue | Villager (Male) |
| 13:49 | Build | Farm |
| 14:08 | Queue | Villager (Male) |
| 14:11 | Build | Farm |
| 14:27 | Queue | Villager (Male) |
| 14:29 | Build | Farm |
| 14:33 | Build | Palisade Gate |
| 14:36 | Build | Palisade Wall |
| 14:42 | Queue | Villager (Male) |
| 14:50 | Build | Mining Camp |
| 15:15 | Queue | Scout Cavalry |
| 15:20 | Queue | Villager (Male) |
| 15:34 | Queue | Scout Cavalry |
| 15:37 | Research | Forging |
| 15:47 | Queue | Villager (Male) |
| 15:50 | Queue | Scout Cavalry |
| 15:57 | Build | Stable |
| 16:04 | Queue | Villager (Male) |
| 16:17 | Queue | Scout Cavalry |
| 16:32 | Research | Scale Barding Armor |
| 16:45 | Queue | Scout Cavalry |
| 17:08 | Queue | Villager (Male) |
| 17:17 | Build | House |
| 17:19 | Build | House |
| 17:24 | Build | Palisade Wall |
| 17:26 | Queue | Villager (Male) |
| 17:28 | Build | Palisade Gate |
| 17:31 | Build | House |
| 17:34 | Build | Palisade Wall |
| 17:36 | Build | Palisade Wall |
| 17:46 | Queue | Villager (Male) |
| 17:46 | Queue | Villager (Male) |
| 18:07 | Queue | Villager (Male) |
| 18:29 | Queue | Scout Cavalry |
| 18:37 | Build | House |
| 18:40 | Build | House |
| 18:52 | Build | Farm |
| 18:54 | Build | Farm |
| 19:09 | Queue | Scout Cavalry |
| 19:19 | Queue | Scout Cavalry |
| 19:22 | Queue | Villager (Male) |
| 19:35 | Queue | Villager (Male) |
| 19:38 | Queue | Scout Cavalry |
| 19:45 | Build | House |
| 19:53 | Build | Palisade Gate |
| 20:01 | Queue | Villager (Male) |
| 20:05 | Build | Farm |
| 20:07 | Queue | Spearman |
| 20:07 | Queue | Spearman |
| 20:10 | Queue | Villager (Male) |
| 20:32 | Research | Bloodlines |
| 20:35 | Build | Farm |
| 20:35 | Build | Farm |
| 20:35 | Build | Farm |
| 20:36 | Build | Farm |
| 20:36 | Build | Farm |
| 20:49 | Queue | Villager (Male) |
| 20:53 | Queue | Villager (Male) |
| 21:35 | Build | Farm |
| 21:59 | Queue | Villager (Male) |
| 22:05 | Build | Lumber Camp |
| 22:11 | Queue | Scout Cavalry |
| 22:11 | Queue | Scout Cavalry |
| 22:58 | Build | Market |
| 23:06 | Queue | Scout Cavalry |
| 23:08 | Queue | Villager (Male) |
| 23:54 | Research | Castle Age |
| 24:15 | Build | Palisade Wall |
| 24:29 | Build | Palisade Gate |
| 25:12 | Build | Farm |
| 25:14 | Build | Farm |
| 25:22 | Build | Stable |
| 25:59 | Build | Palisade Gate |
| 26:01 | Build | House |
| 26:08 | Queue | Villager (Male) |
| 26:08 | Queue | Villager (Male) |
| 26:34 | Age | Castle Age |
| 26:36 | Queue | Knight ×5 |
| 26:36 | Queue | Knight ×5 |
| 26:36 | Queue | Knight ×4 |
| 26:47 | Build | Town Center |
| 26:53 | Queue | Villager (Male) |
Build order — [A2PL] roqueterpro
First 150 of 210 actions detected
| 0:01 | Queue | Villager (Male) |
| 0:01 | Queue | Villager (Male) |
| 0:01 | Queue | Villager (Male) |
| 0:03 | Build | House |
| 0:04 | Build | House |
| 0:11 | Queue | Villager (Male) |
| 1:15 | Queue | Villager (Male) |
| 1:15 | Queue | Villager (Male) |
| 1:41 | Queue | Villager (Male) |
| 1:46 | Build | Lumber Camp |
| 2:07 | Queue | Villager (Male) |
| 2:10 | Build | House |
| 2:42 | Queue | Villager (Male) |
| 3:08 | Queue | Villager (Male) |
| 3:48 | Queue | Villager (Male) |
| 3:58 | Build | Mill |
| 4:01 | Queue | Villager (Male) |
| 4:24 | Queue | Villager (Male) |
| 4:35 | Queue | Villager (Male) |
| 4:55 | Queue | Villager (Male) |
| 5:30 | Queue | Villager (Male) |
| 5:51 | Queue | Villager (Male) |
| 6:27 | Queue | Villager (Male) |
| 6:38 | Research | Loom |
| 7:25 | Research | Feudal Age |
| 7:41 | Build | Barracks |
| 7:47 | Build | House |
| 7:49 | Build | Palisade Wall |
| 8:29 | Build | House |
| 8:33 | Build | Palisade Wall |
| 9:43 | Age | Feudal Age |
| 9:47 | Build | Archery Range |
| 10:00 | Build | Mining Camp |
| 10:03 | Queue | Villager (Male) |
| 10:03 | Queue | Villager (Male) |
| 10:22 | Research | Double-Bit Axe |
| 10:36 | Queue | Villager (Male) |
| 10:39 | Build | House |
| 10:43 | Build | Lumber Camp |
| 10:45 | Queue | Villager (Male) |
| 10:46 | Queue | Archer |
| 10:50 | Queue | Skirmisher |
| 11:02 | Build | House |
| 11:13 | Queue | Skirmisher |
| 11:28 | Queue | Villager (Male) |
| 11:47 | Queue | Archer |
| 12:08 | Queue | Villager (Male) |
| 12:09 | Queue | Villager (Male) |
| 12:11 | Build | Farm |
| 12:13 | Build | Farm |
| 12:19 | Queue | Archer |
| 12:31 | Queue | Villager (Male) |
| 12:34 | Build | Farm |
| 12:49 | Queue | Archer |
| 13:08 | Queue | Archer |
| 13:16 | Build | Blacksmith |
| 13:20 | Queue | Archer |
| 13:21 | Queue | Villager (Male) |
| 13:30 | Build | Farm |
| 13:37 | Build | Farm |
| 13:39 | Queue | Villager (Male) |
| 13:52 | Queue | Skirmisher |
| 13:56 | Queue | Villager (Male) |
| 13:59 | Research | Fletching |
| 14:05 | Queue | Villager (Male) |
| 14:07 | Build | Farm |
| 14:09 | Build | Farm |
| 14:14 | Queue | Villager (Male) |
| 14:24 | Build | Farm |
| 14:25 | Queue | Skirmisher |
| 14:26 | Queue | Archer |
| 14:31 | Research | Padded Archer Armor |
| 14:40 | Queue | Villager (Male) |
| 14:43 | Build | House |
| 14:55 | Build | House |
| 14:56 | Queue | Villager (Male) |
| 15:02 | Build | Farm |
| 15:07 | Build | House |
| 15:08 | Build | House |
| 15:12 | Research | Town Watch |
| 15:13 | Queue | Villager (Male) |
| 15:17 | Queue | Archer |
| 15:24 | Build | Farm |
| 15:43 | Queue | Villager (Male) |
| 15:47 | Build | House |
| 15:58 | Queue | Skirmisher |
| 16:00 | Queue | Villager (Male) |
| 16:06 | Queue | Villager (Male) |
| 16:08 | Queue | Skirmisher |
| 16:30 | Build | Farm |
| 16:32 | Build | Farm |
| 16:34 | Build | Palisade Wall |
| 16:40 | Build | House |
| 16:42 | Queue | Skirmisher |
| 16:42 | Queue | Skirmisher |
| 16:58 | Queue | Skirmisher |
| 17:01 | Build | House |
| 17:13 | Build | House |
| 17:18 | Queue | Villager (Male) |
| 17:23 | Build | Farm |
| 17:30 | Build | Farm |
| 17:42 | Build | House |
| 17:53 | Queue | Villager (Male) |
| 17:53 | Queue | Villager (Male) |
| 17:56 | Build | Farm |
| 17:57 | Build | Farm |
| 18:07 | Queue | Archer |
| 18:12 | Build | House |
| 18:22 | Build | Farm |
| 18:26 | Queue | Villager (Male) |
| 18:44 | Build | Archery Range |
| 18:49 | Queue | Archer |
| 18:49 | Queue | Archer |
| 18:58 | Queue | Villager (Male) |
| 19:09 | Queue | Villager (Male) |
| 19:27 | Build | Market |
| 19:29 | Build | House |
| 19:30 | Queue | Villager (Male) |
| 19:33 | Research | Castle Age |
| 20:06 | Build | House |
| 20:09 | Build | House |
| 20:12 | Queue | Archer |
| 20:13 | Queue | Archer |
| 20:22 | Queue | Archer |
| 20:22 | Queue | Archer |
| 20:23 | Queue | Archer |
| 20:40 | Queue | Archer |
| 20:40 | Queue | Archer |
| 21:00 | Build | Palisade Gate |
| 21:05 | Build | Palisade Wall |
| 21:08 | Queue | Villager (Male) |
| 21:22 | Queue | Archer |
| 21:22 | Queue | Archer |
| 21:29 | Research | Gold Mining |
| 21:46 | Queue | Archer |
| 21:47 | Queue | Archer |
| 22:14 | Age | Castle Age |
| 22:18 | Research | Crossbowman (upgrade) |
| 22:19 | Research | Thumb Ring |
| 22:22 | Research | Leather Archer Armor |
| 22:23 | Research | Bodkin Arrow |
| 22:44 | Queue | Archer |
| 22:45 | Queue | Archer |
| 22:45 | Queue | Archer |
| 22:56 | Build | House |
| 22:58 | Build | House |
| 23:02 | Queue | Archer |
| 23:02 | Queue | Archer |
| 23:10 | Queue | Archer |
| 23:10 | Queue | Archer |
Build order — KidColombia7
First 150 of 188 actions detected
| 0:04 | Build | House |
| 0:05 | Build | House |
| 0:05 | Queue | Villager (Male) |
| 0:06 | Queue | Villager (Male) |
| 0:06 | Queue | Villager (Male) |
| 0:11 | Queue | Villager (Male) |
| 1:37 | Queue | Villager (Male) |
| 1:38 | Queue | Villager (Male) |
| 2:04 | Build | Lumber Camp |
| 2:09 | Queue | Villager (Male) |
| 2:27 | Queue | Villager (Male) |
| 2:50 | Queue | Villager (Male) |
| 3:19 | Queue | Villager (Male) |
| 3:19 | Queue | Villager (Male) |
| 3:45 | Queue | Villager (Male) |
| 3:45 | Queue | Villager (Male) |
| 3:55 | Build | House |
| 3:56 | Build | House |
| 4:07 | Queue | Villager (Male) |
| 4:34 | Queue | Villager (Male) |
| 4:40 | Build | Mill |
| 4:43 | Queue | Villager (Male) |
| 5:20 | Queue | Villager (Male) |
| 5:55 | Queue | Villager (Male) |
| 6:21 | Research | Loom |
| 7:03 | Research | Feudal Age |
| 8:44 | Build | Barracks |
| 9:01 | Queue | Villager (Male) |
| 9:02 | Queue | Villager (Male) |
| 9:13 | Age | Feudal Age |
| 9:15 | Research | Double-Bit Axe |
| 9:37 | Build | Stable |
| 9:41 | Build | House |
| 9:57 | Queue | Villager (Male) |
| 10:00 | Build | Farm |
| 10:26 | Queue | Villager (Male) |
| 10:34 | Build | Farm |
| 10:36 | Build | Farm |
| 10:43 | Queue | Villager (Male) |
| 10:45 | Build | House |
| 10:47 | Queue | Scout Cavalry |
| 10:47 | Queue | Scout Cavalry |
| 10:48 | Queue | Scout Cavalry |
| 10:48 | Queue | Scout Cavalry |
| 10:57 | Build | Palisade Wall |
| 11:17 | Build | Palisade Wall |
| 11:19 | Build | Palisade Wall |
| 11:20 | Queue | Villager (Male) |
| 11:21 | Queue | Villager (Male) |
| 11:24 | Build | House |
| 11:31 | Build | Palisade Wall |
| 11:40 | Queue | Villager (Male) |
| 11:53 | Build | Palisade Wall |
| 11:57 | Build | Palisade Wall |
| 11:58 | Queue | Villager (Male) |
| 12:15 | Build | Farm |
| 12:19 | Queue | Villager (Male) |
| 12:31 | Queue | Scout Cavalry |
| 12:45 | Build | House |
| 12:52 | Build | Blacksmith |
| 12:55 | Queue | Villager (Male) |
| 12:55 | Queue | Villager (Male) |
| 13:05 | Queue | Villager (Male) |
| 13:08 | Build | Farm |
| 13:12 | Build | Farm |
| 13:12 | Build | Farm |
| 13:39 | Queue | Villager (Male) |
| 13:42 | Build | Farm |
| 13:49 | Build | Farm |
| 13:53 | Build | Farm |
| 13:54 | Queue | Villager (Male) |
| 14:11 | Queue | Villager (Male) |
| 14:15 | Build | House |
| 14:16 | Build | House |
| 14:23 | Queue | Scout Cavalry |
| 14:29 | Build | House |
| 14:30 | Queue | Villager (Male) |
| 14:32 | Build | Farm |
| 14:33 | Build | Farm |
| 14:40 | Build | House |
| 14:48 | Queue | Scout Cavalry |
| 14:52 | Build | Farm |
| 15:18 | Queue | Scout Cavalry |
| 15:19 | Queue | Villager (Male) |
| 15:22 | Build | House |
| 15:35 | Build | House |
| 15:38 | Build | Farm |
| 15:42 | Build | Farm |
| 15:50 | Build | House |
| 15:51 | Build | House |
| 15:54 | Build | Farm |
| 16:01 | Research | Scale Barding Armor |
| 16:01 | Research | Scale Barding Armor |
| 16:13 | Build | Farm |
| 16:24 | Queue | Villager (Male) |
| 16:28 | Build | Farm |
| 16:31 | Build | Farm |
| 16:54 | Build | Mining Camp |
| 17:01 | Build | Farm |
| 17:21 | Queue | Villager (Male) |
| 17:22 | Queue | Villager (Male) |
| 17:36 | Build | Farm |
| 17:38 | Build | Farm |
| 18:22 | Build | Farm |
| 18:40 | Queue | Villager (Male) |
| 18:40 | Queue | Villager (Male) |
| 18:40 | Queue | Villager (Male) |
| 18:50 | Build | Farm |
| 19:32 | Research | Castle Age |
| 20:09 | Build | Stable |
| 20:22 | Research | Bloodlines |
| 20:22 | Research | Bloodlines |
| 20:24 | Research | Gold Mining |
| 20:30 | Research | Horse Collar |
| 20:30 | Research | Horse Collar |
| 21:44 | Build | Lumber Camp |
| 21:44 | Queue | Villager (Male) |
| 21:45 | Queue | Villager (Male) |
| 21:50 | Queue | Villager (Male) |
| 22:12 | Age | Castle Age |
| 22:17 | Research | Chain Barding Armor |
| 22:19 | Research | Light Cavalry (upgrade) |
| 22:49 | Queue | Knight |
| 22:49 | Queue | Knight |
| 23:10 | Queue | Villager (Male) |
| 23:11 | Queue | Villager (Male) |
| 23:32 | Queue | Knight |
| 23:32 | Queue | Knight |
| 23:41 | Build | Town Center |
| 23:59 | Queue | Villager (Male) |
| 23:59 | Queue | Villager (Male) |
| 24:19 | Queue | Knight |
| 24:20 | Queue | Knight |
| 24:22 | Queue | Villager (Male) |
| 24:28 | Research | Bow Saw |
| 25:01 | Queue | Knight |
| 25:05 | Queue | Knight |
| 25:08 | Research | Gold Shaft Mining |
| 25:16 | Queue | Villager (Male) |
| 25:18 | Queue | Villager (Male) |
| 25:52 | Queue | Knight |
| 25:53 | Queue | Knight |
| 25:57 | Queue | Villager (Male) |
| 26:11 | Build | Town Center |
| 26:14 | Queue | Villager (Male) |
| 26:14 | Queue | Villager (Male) |
| 26:18 | Research | Wheelbarrow |
| 26:26 | Queue | Knight |
| 26:27 | Queue | Knight |
| 26:30 | Queue | Villager (Male) |
Build order — A2PL Okr010
First 150 of 201 actions detected
| 0:01 | Queue | Villager (Male) |
| 0:01 | Queue | Villager (Male) |
| 0:03 | Build | House |
| 0:05 | Build | House |
| 0:13 | Queue | Villager (Male) |
| 0:13 | Queue | Villager (Male) |
| 1:27 | Queue | Villager (Male) |
| 1:49 | Queue | Villager (Male) |
| 2:20 | Queue | Villager (Male) |
| 2:20 | Queue | Villager (Male) |
| 2:53 | Research | Loom |
| 3:23 | Queue | Villager (Male) |
| 3:24 | Queue | Villager (Male) |
| 3:24 | Queue | Villager (Male) |
| 3:35 | Build | Settlement |
| 3:44 | Build | Settlement |
| 4:09 | Queue | Villager (Male) |
| 4:09 | Queue | Villager (Male) |
| 4:17 | Build | Settlement |
| 4:29 | Queue | Villager (Male) |
| 4:39 | Queue | Villager (Male) |
| 5:03 | Queue | Villager (Male) |
| 5:03 | Queue | Villager (Male) |
| 6:17 | Queue | Villager (Male) |
| 6:35 | Queue | Villager (Male) |
| 7:13 | Research | Feudal Age |
| 7:13 | Research | Feudal Age |
| 7:47 | Build | Barracks |
| 8:30 | Queue | Villager (Male) |
| 9:27 | Build | Archery Range |
| 9:29 | Build | Archery Range |
| 9:33 | Research | Double-Bit Axe |
| 9:34 | Queue | Villager (Male) |
| 10:01 | Queue | Villager (Male) |
| 10:20 | Build | Blacksmith |
| 10:26 | Build | House |
| 10:29 | Queue | Archer |
| 10:30 | Queue | Archer |
| 10:31 | Queue | Spearman |
| 10:39 | Queue | Villager (Male) |
| 11:04 | Build | House |
| 11:19 | Queue | Archer |
| 11:19 | Queue | Archer |
| 11:42 | Queue | Archer |
| 11:43 | Queue | Villager (Male) |
| 11:46 | Build | House |
| 12:06 | Queue | Villager (Male) |
| 12:10 | Queue | Villager (Male) |
| 12:40 | Queue | Archer |
| 12:45 | Queue | Archer |
| 12:45 | Queue | Villager (Male) |
| 13:24 | Queue | Archer |
| 13:24 | Queue | Archer |
| 13:24 | Queue | Archer |
| 13:25 | Queue | Villager (Male) |
| 13:43 | Queue | Archer |
| 13:44 | Queue | Archer |
| 13:48 | Queue | Villager (Male) |
| 13:52 | Queue | Villager (Male) |
| 13:58 | Build | House |
| 14:20 | Research | Fletching |
| 14:25 | Queue | Archer |
| 14:26 | Queue | Archer |
| 14:28 | Build | House |
| 14:29 | Build | House |
| 14:38 | Queue | Villager (Male) |
| 14:40 | Build | Farm |
| 14:41 | Build | Farm |
| 14:47 | Queue | Archer |
| 14:47 | Queue | Archer |
| 15:13 | Queue | Archer |
| 15:13 | Queue | Archer |
| 15:14 | Queue | Villager (Male) |
| 15:15 | Queue | Villager (Male) |
| 15:30 | Queue | Archer |
| 15:31 | Queue | Archer |
| 15:54 | Queue | Archer |
| 15:55 | Queue | Villager (Male) |
| 15:56 | Queue | Villager (Male) |
| 16:42 | Queue | Archer |
| 16:42 | Queue | Archer |
| 16:43 | Queue | Villager (Male) |
| 16:46 | Build | Farm |
| 16:47 | Build | Farm |
| 16:47 | Build | Farm |
| 16:48 | Build | Farm |
| 16:49 | Build | Farm |
| 16:50 | Build | Farm |
| 16:50 | Build | Farm |
| 16:51 | Queue | Villager (Male) |
| 16:55 | Queue | Skirmisher |
| 16:56 | Queue | Skirmisher |
| 16:59 | Queue | Archer |
| 17:01 | Build | House |
| 17:29 | Queue | Archer |
| 17:30 | Queue | Archer |
| 17:30 | Queue | Archer |
| 17:30 | Queue | Villager (Male) |
| 17:32 | Build | Farm |
| 17:37 | Build | House |
| 17:42 | Build | Farm |
| 17:43 | Queue | Villager (Male) |
| 17:52 | Queue | Archer |
| 17:52 | Queue | Archer |
| 17:53 | Queue | Archer |
| 17:58 | Build | House |
| 18:45 | Queue | Archer |
| 18:45 | Queue | Archer |
| 18:48 | Queue | Villager (Male) |
| 18:48 | Queue | Villager (Male) |
| 18:53 | Build | Farm |
| 18:58 | Build | House |
| 18:58 | Build | House |
| 19:00 | Build | Palisade Wall |
| 19:09 | Queue | Archer |
| 19:09 | Queue | Archer |
| 19:48 | Queue | Archer |
| 19:48 | Queue | Archer |
| 19:48 | Queue | Archer |
| 19:48 | Queue | Villager (Male) |
| 19:51 | Build | Farm |
| 19:52 | Build | Farm |
| 19:53 | Build | Farm |
| 19:54 | Build | Farm |
| 20:19 | Build | Farm |
| 20:24 | Queue | Spearman |
| 20:29 | Queue | Villager (Male) |
| 20:32 | Build | Farm |
| 20:37 | Build | House |
| 20:49 | Queue | Archer |
| 20:49 | Queue | Archer |
| 20:59 | Build | Palisade Wall |
| 21:05 | Build | House |
| 21:18 | Queue | Archer |
| 21:19 | Queue | Archer |
| 21:21 | Queue | Villager (Male) |
| 21:29 | Research | Wheelbarrow |
| 21:33 | Queue | Archer |
| 22:06 | Build | House |
| 22:10 | Build | Palisade Wall |
| 22:30 | Research | Castle Age |
| 22:31 | Research | Castle Age |
| 22:47 | Build | House |
| 22:50 | Build | Palisade Wall |
| 22:51 | Build | Palisade Wall |
| 23:03 | Queue | Archer |
| 23:04 | Queue | Archer |
| 23:04 | Queue | Archer |
| 23:06 | Research | Padded Archer Armor |
| 23:19 | Queue | Archer |
Match timeline
| 6:25 | TicketedZero13 · first_building Barracks |
| 7:41 | [A2PL] roqueterpro · first_building Barracks |
| 7:47 | A2PL Okr010 · first_building Barracks |
| 7:49 | [A2PL] roqueterpro · wall_segment Palisade Wall x5 |
| 8:16 | [A2PL]Jdbcervantes · first_building Barracks |
| 8:21 | TicketedZero13 · wall_segment Palisade Wall x4 |
| 8:33 | [A2PL] roqueterpro · wall_segment Palisade Wall x5 |
| 8:44 | KidColombia7 · first_building Barracks |
| 8:47 | AcousticBook4 · first_building Barracks |
| 9:05 | [A2PL]Jdbcervantes · wall_segment Palisade Wall x1 |
| 9:13 | KidColombia7 · age_up feudal |
| 9:16 | [A2PL]Jdbcervantes · age_up feudal |
| 9:17 | [A2PL]Jdbcervantes · first_building Stable |
| 9:22 | TicketedZero13 · wall_segment Palisade Wall x1 |
| 9:23 | TicketedZero13 · wall_segment Palisade Wall x1 |
| 9:25 | [A2PL]Jdbcervantes · wall_segment Palisade Wall x4 |
| 9:27 | A2PL Okr010 · first_building Archery Range |
| 9:30 | TicketedZero13 · wall_segment Palisade Wall x1 |
| 9:31 | TicketedZero13 · wall_segment Palisade Wall x1 |
| 9:37 | KidColombia7 · first_building Stable |
| 9:43 | [A2PL] roqueterpro · age_up feudal |
| 9:46 | TicketedZero13 · first_building Archery Range |
| 9:47 | [A2PL] roqueterpro · first_building Archery Range |
| 9:54 | AcousticBook4 · first_building Archery Range |
| 10:34 | TicketedZero13 · wall_segment Palisade Wall x4 |
| 10:57 | KidColombia7 · wall_segment Palisade Wall x9 |
| 11:13 | TicketedZero13 · wall_segment Palisade Wall x11 |
| 11:17 | KidColombia7 · wall_segment Palisade Wall x10 |
| 11:19 | KidColombia7 · wall_segment Palisade Wall x6 |
| 11:27 | TicketedZero13 · wall_segment Palisade Wall x1 |
| 11:31 | KidColombia7 · wall_segment Palisade Wall x11 |
| 11:53 | KidColombia7 · wall_segment Palisade Wall x1 |
| 11:57 | KidColombia7 · wall_segment Palisade Wall x17 |
| 12:29 | AcousticBook4 · wall_segment Palisade Wall x15 |
| 13:16 | AcousticBook4 · wall_segment Palisade Wall x12 |
| 13:50 | TicketedZero13 · wall_segment Palisade Wall x4 |
| 14:32 | TicketedZero13 · wall_segment Palisade Wall x1 |
| 14:36 | [A2PL]Jdbcervantes · wall_segment Palisade Wall x12 |
| 14:54 | TicketedZero13 · wall_segment Palisade Wall x10 |
| 16:34 | [A2PL] roqueterpro · wall_segment Palisade Wall x1 |
| 17:24 | [A2PL]Jdbcervantes · wall_segment Palisade Wall x1 |
| 17:34 | [A2PL]Jdbcervantes · wall_segment Palisade Wall x1 |
| 17:36 | [A2PL]Jdbcervantes · wall_segment Palisade Wall x1 |
| 19:00 | A2PL Okr010 · wall_segment Palisade Wall x1 |
| 20:37 | TicketedZero13 · wall_segment Palisade Wall x6 |
| 20:59 | A2PL Okr010 · wall_segment Palisade Wall x6 |
| 21:05 | [A2PL] roqueterpro · wall_segment Palisade Wall x8 |
| 22:10 | A2PL Okr010 · wall_segment Palisade Wall x1 |
| 22:12 | KidColombia7 · age_up castle |
| 22:14 | [A2PL] roqueterpro · age_up castle |
| 22:50 | A2PL Okr010 · wall_segment Palisade Wall x2 |
| 22:51 | A2PL Okr010 · wall_segment Palisade Wall x1 |
| 23:06 | [A2PL] roqueterpro · first_market_sell 100 food |
| 23:07 | [A2PL] roqueterpro · first_market_buy 100 wood |
| 24:15 | [A2PL]Jdbcervantes · wall_segment Palisade Wall x8 |
| 25:19 | A2PL Okr010 · wall_segment Palisade Wall x5 |
| 26:15 | A2PL Okr010 · wall_segment Palisade Wall x8 |
| 26:34 | [A2PL]Jdbcervantes · age_up castle |
| 28:57 | [A2PL]Jdbcervantes · first_market_sell 100 wood |
| 28:59 | [A2PL]Jdbcervantes · first_market_buy 100 food |
| 29:08 | AcousticBook4 · first_building Siege Workshop |
| 29:22 | A2PL Okr010 · resign |
[ AI ANALYSIS · 1 CREDIT ]
What really happened in this match?
Wolo.gg analyzes every decision: build order, eco, micro, common mistakes by bracket. Personalized analysis on WhatsApp or Discord in 30 seconds.
Civ guide
Ethiopians
Perfil
Jugador #2382093